 Dungeon Crawl Stone Soup version 0.24-a0-57-gac335f2 (webtiles) character file.

Game seed: 7033332918844919496

26408 Amnesiac the Fighter (level 13, -7/72 HPs)
             Began as a Vine Stalker Monk on Feb 5, 2019.
             Was a High Priest of Wu Jian.
             Shot with a bolt by Saint Roka (17 damage)
             ... on level 2 of the Orcish Mines.
             The game lasted 00:27:17 (11217 turns).

Amnesiac the Fighter (Vine Stalker Monk)           Turns: 11217, Time: 00:27:18

Health: -7/72      AC: 21    Str: 19    XL:     13   Next: 25%
Magic:  0/17       EV: 20    Int: 10    God:    Wu Jian [*****.]
Gold:   792        SH:  5    Dex: 20    Spells: 7/12 levels left

rFire    . . .     SeeInvis .   a - +0 dagger (speed)
rCold    + . .     Gourm    .   x - +0 buckler
rNeg     . . .     Faith    .   u - +0 plate armour
rPois    .         Spirit   +   (no helmet)
rElec    .         Reflect  .   e - +0 cloak
rCorr    .         Harm     +   K - +2 pair of gloves {Dex+3}
MR       +....                  H - +1 pair of boots of Catatonia {rC+}
Stlth    ..........             g - amulet of harm
HPRegen  1.02/turn              z - +3 ring of evasion
MPRegen  0.15/turn              O - +6 ring of evasion

@: silence, hasted, drained, very quick
A: fangs 3, hooves 1, mutation resistance 1, regeneration 2, magic shield,
antimagic bite, no potion heal 3, rot immunity, MP-powered wands
a: Wall Jump, Renounce Religion


You were on level 2 of the Orcish Mines.
You worshipped Wu Jian.
Wu Jian was extremely pleased with you.
You were not hungry.

You visited 3 branches of the dungeon, and saw 14 of its levels.

You collected 1287 gold pieces.
You spent 495 gold pieces at shops.

Inventory:

Hand Weapons
 a - a +0 dagger of speed (weapon)
 b - a +10 blowgun
Missiles
 B - 12 curare-tipped needles
Armour
 e - a +0 cloak (worn)
 u - a +0 plate armour (worn)
 x - a +0 buckler (worn)
 C - a +2 robe of resistance
 H - the +1 pair of boots of Catatonia (worn) {rC+}
   (You bought it in a shop on level 10 of the Dungeon)

   It protects you from cold.
 K - a +2 pair of gloves of dexterity (worn)
Jewellery
 g - an amulet of harm (around neck)
 q - an uncursed ring of resist corrosion
 z - a +3 ring of evasion (left hand)
 F - an uncursed ring of poison resistance
 G - the amulet of Qocasmo {Spirit rElec rC+++ Str-3}
   (You found it on level 8 of the Dungeon)

   [amulet of guardian spirit]

   It causes incoming damage to be split between your health and magic.
   It affects your strength (-3).
   It renders you almost immune to cold.
   It insulates you from electricity.
 J - an uncursed ring of fire
 N - a cursed ring of attention {unknown}
 O - a +6 ring of evasion (right hand)
Wands
 d - a wand of digging (6)
 i - a wand of iceblast (6)
 w - a wand of polymorph (13)
 I - a wand of clouds (4)
Scrolls
 f - 3 scrolls of enchant armour {!r, unknown}
 h - 9 scrolls of teleportation {!r}
 k - 4 scrolls of identify {!r}
 o - 5 scrolls of remove curse {!r}
 p - 3 scrolls of enchant weapon {!r}
 t - 3 scrolls of fog {!r}
 y - a scroll of blinking {!r, unknown}
 D - 3 scrolls of silence {!r}
 E - a scroll of fear {!r, unknown}
Potions
 j - 4 potions of curing {!q}
 l - 2 potions of might {!q}
 n - a potion of flight {!q}
 r - 2 potions of haste {!q}
 s - 5 potions of mutation {!q}
 v - 3 potions of lignification {!q}
Miscellaneous
 L - a phantom mirror
Comestibles
 c - 18 rations
 m - 8 chunks of flesh


   Skills:
 + Level 10.6(9.3) Fighting
 - Level 8.0(6.8) Short Blades
 + Level 9.8(8.6) Armour
 + Level 9.8(8.5) Dodging
 - Level 2.4(1.4) Stealth
 - Level 4.4(3.3) Shields
 - Level 4.0(2.9) Evocations


You had 7 spell levels left.
You knew the following spells:

 Your Spells              Type           Power        Failure   Level  Hunger
a - Poisonous Vapours     Pois/Air       #.....       100%        2    ###....
s - Conjure Flame         Conj/Fire      #.......     100%        3    ####...

Your spell library contained the following spells:

 Spells                   Type           Power        Failure   Level  Hunger
 Confusing Touch          Hex            #.....       100%        1    ##.....
 Magic Dart               Conj           #...         100%        1    ##.....
 Sting                    Conj/Pois      #...         100%        1    ##.....
 Searing Ray              Conj           #.....       100%        2    ###....
 Confuse                  Hex            #.......     100%        3    ####...
 Dazzling Spray           Conj/Hex       #.....       100%        3    ####...
 Gell's Gravitas          Tloc           #.........   100%        3    ####...
 Mephitic Cloud           Conj/Pois/Air  #.......     100%        3    ####...
 Force Lance              Conj/Tloc      #.......     100%        4    #####..
 Fulminant Prism          Conj/Hex       #.........   100%        4    #####..
 Iskenderun's Mystic Bla  Conj           #.......     100%        4    #####..
 Olgreb's Toxic Radiance  Pois           #.......     100%        4    #####..
 Petrify                  Tmut/Erth      #.......     100%        4    #####..
 Metabolic Englaciation   Hex/Ice        #.........   100%        5    ######.
 Venom Bolt               Conj/Pois      #.........   100%        5    ######.
 Yara's Violent Unravell  Hex/Tmut       #.........   100%        5    ######.
 Freezing Cloud           Conj/Ice/Air   #.........   100%        6    #######
 Ring of Flames           Chrm/Fire      #.........   100%        7    #######


Dungeon Overview and Level Annotations

Branches:
Dungeon (11/15)            Temple (1/1) D:7            Lair (0/6) D:11
    Orc (2/2) D:9
    Elf: Orc:2

Altars:
Ashenzari
Cheibriados
Dithmenos
Elyvilon
Fedhas
Gozag
Hepliaklqana
Kikubaaqudgha
Makhleb
Nemelex Xobeh
Okawaru
Qazlal
Ru
Sif Muna
Trog
Uskayaw
Vehumet
Wu Jian
Xom
Yredelemnul
Zin
The Shining One

Shops:
D:7 !   D:10 [   D:11 *   Orc:2 [

Annotations:
D:3 2 transporters, Wired's ghost, amateur TeFi
D:5 2 transporters, Ratty's ghost, amateur DrFE
Orc:2 Saint Roka


Innate Abilities, Weirdness & Mutations

You have razor-sharp teeth.
You heal very quickly.
When hurt, damage is shared between your health and your magic reserves.
Your bite disrupts and absorbs the magic of your enemies.
Potions cannot restore your health.
You are immune to rotting.
You have large cloven feet.
You are somewhat resistant to further mutation.
You expend magic power (3 MP) to strengthen your wands.


Message History

You barely miss the orc warrior. You bite the orc warrior! You drain its power.
You feel invigorated.
The orc warrior is heavily wounded.
You hit the orc warrior but do no damage.
The orc warrior is heavily wounded.
You hit the orc warrior but do no damage.
You bite the orc warrior. You drain its power.
The orc warrior is heavily wounded.
The orc warrior barely misses you.
You hit the orc warrior but do no damage.
The orc warrior is heavily wounded.
You hit the orc warrior but do no damage.
The orc warrior is heavily wounded.
You hit the orc warrior but do no damage.
You bite the orc warrior. You drain its power.
The orc warrior is heavily wounded.
You block the orc warrior's attack.
You hit the orc warrior. You bite the orc warrior. You drain its power.
The orc warrior is almost dead.
You hit the orc warrior but do no damage.
The orc warrior is almost dead.
You hit the orc warrior but do no damage.
You bite the orc warrior, but do no damage.
The orc warrior is almost dead.
The orc warrior barely misses you.
You barely miss the orc warrior.
You bite the orc warrior, but do no damage.
The orc warrior is almost dead.
Saint Roka calls down the wrath of Beogh upon you.
Beogh smites you!
You hit the orc warrior but do no damage.
You bite the orc warrior. You drain its power.
You feel invigorated.
The orc warrior is almost dead.
You closely miss the orc warrior. You bite the orc warrior.
You kill the orc warrior!
The Council accepts your kill.
Saint Roka shoots a bolt.
The bolt hits you!!
* * * LOW HITPOINT WARNING * * *
You see here a bolt.
Evoke which item? (* to show all) (? for menu, Esc to quit)
Aiming: Cloud Cone
Press: ? - help, Dir - move target cursor, f - Saint Roka
Aim: Saint Roka, wielding a +0 arbalest and wearing a +0 plate armour You feel a surge of power!
You create a blast of flame!
Saint Roka is engulfed in blazing flames.
Saint Roka invokes the aid of Beogh against you.
Beogh smites you!
* * * LOW HITPOINT WARNING * * *
Really quaff
A - a potion of magic {!q}?
Magic courses through your body.
Saint Roka is engulfed in blazing flames.
Saint Roka mumbles some strange prayers to Beogh against you.
Beogh smites you!
* * * LOW HITPOINT WARNING * * *
Okay, then.
Really read
D - 4 scrolls labeled QAOD SANLOTH {!r}?
As you read the scroll labeled QAOD SANLOTH {!r}, it crumbles to dust.
A profound silence engulfs you.
It was a scroll of silence {!r}.
Saint Roka is engulfed in blazing flames.
Really quaff
r - 3 potions of haste {!q}?
You feel yourself speed up.
Saint Roka is engulfed in blazing flames.
Saint Roka shoots a bolt.
The bolt hits you!!
You die...

.............#....# ##.
.....................#..##
#.
.............8..)...(...#
###.
#.........#####.....#.##
##... ...o..... #...#.####
#.... #.....# ##...##
##... #.....# #..### #.#..
#8.))8### #....## #.....##
#...(.#.## #@....#
##.#..#.
##.....#..####§...##
#..#...#
#......)))...##o.###
.........
##..........##§§§#
#.#.......
###.##....#))§§##
####...... ## #.........#
#...... ##.......##
....... ###.....# .......
#..#...# ...#..


You could see Saint Roka.

Vanquished Creatures
  A hydra (D:10)
  A centaur warrior (D:10)
  5 two-headed ogres
  An orc high priest (Orc:2)
  Nergalle (Orc:1)
  An unseen horror (D:8)
  A wizard (D:10)
  4 orc knights
  4 orc sorcerers
  Pikel (D:9)
  A manticore (D:11)
  An ugly thing (D:11)
  2 cyclopes
  2 centaur zombies
  A centaur skeleton (D:10)
  2 gargoyles (D:10)
  3 trolls
  A merfolk (D:9)
  Grinder (D:3)
  4 hippogriffs
  A redback (Orc:1)
  Sigmund (D:2)
  A steam dragon (D:8)
  2 yaks (D:11)
  4 humans (D:6)
  A hungry ghost (D:11)
  2 wargs (Orc:1)
  Menkaure (D:7)
  5 porcupines (D:11)
  22 orc warriors
  A hornet zombie (D:10)
  3 ice beasts
  4 slaves (D:9)
  2 swamp drakes (D:8)
  A black bear (D:11)
  2 phantoms
  4 sky beasts
  An eye of draining (D:8)
  2 necrophages
  4 centaurs
  15 ogres
  A crocodile (D:11)
  2 big kobolds
  Blork the orc (Orc:2)
  9 bullfrogs
  A gnoll sergeant (D:7)
  A wyvern skeleton (D:10)
  6 scorpions
  5 killer bees
  9 wights
  6 howler monkeys
  2 electric eels (D:8)
  5 crimson imps
  A quasit (D:7)
  9 orc priests
  6 hounds
  14 orc wizards
  A bullfrog skeleton (D:5)
  Crazy Yiuf (D:6)
  3 iguanas
  12 worker ants
  A hound zombie (D:6)
  A worker ant zombie (D:9)
  3 gnolls (D:7)
  8 adders
  3 shadow imps
  2 oozes
  An adder skeleton (D:4)
  3 worms
  2 dart slugs
  9 leopard geckos
  42 orcs
  9 giant cockroaches
  8 goblins
  8 hobgoblins
  11 jackals
  15 kobolds
  6 quokkas
  6 bats
  12 frilled lizards
  A leopard gecko zombie (D:4)
  7 rats
370 creatures vanquished.

Vanquished Creatures (others)
  A bullfrog skeleton (D:4)
  An orc wizard (Orc:1)
  A jackal (D:4)
  7 fungi (D:11)
  A plant (D:8)
11 creatures vanquished.

Grand Total: 381 creatures vanquished

Notes
Turn   | Place    | Note
-------+----------+-------------------------------------------
     0 | D:1      | Amnesiac the Vine Stalker Monk began the quest for the Orb.
     0 | D:1      | Reached XP level 1. HP: 11/11 MP: 2/2
    38 | D:1      | Reached XP level 2. HP: 16/16 MP: 3/3
   345 | D:1      | Reached XP level 3. HP: 18/19 MP: 4/4
   627 | D:2      | Noticed Sigmund
   760 | D:2      | Found a snail-covered altar of Cheibriados.
   800 | D:3      | Noticed Grinder
   811 | D:3      | Found a sparkling altar of Nemelex Xobeh.
  1056 | D:2      | Gained mutation: Your natural rate of healing is unusually
                  | fast. [Vine Stalker growth]
  1056 | D:2      | Reached XP level 4. HP: 16/23 MP: 5/5
  1257 | D:4      | Reached skill level 5 in Short Blades
  1257 | D:4      | Reached XP level 5. HP: 27/27 MP: 6/6
  1292 | D:4      | Found a transporter.
  1296 | D:4      | Noticed a two-headed ogre
  1298 | D:4      | Found a shadowy altar of Dithmenos.
  1298 | D:4      | Noticed a centaur
  1406 | D:4      | Found a transporter.
  1571 | D:4      | Reached XP level 6. HP: 32/32 MP: 7/7
  1573 | D:4      | Reached skill level 1 in Armour
  1636 | D:4      | Found an ornate altar of the Wu Jian Council.
  1695 | D:4      | Found a radiant altar of Vehumet.
  1815 | D:4      | Became a worshipper of the Wu Jian Council
  1815 | D:4      | Reached * piety under Wu Jian
  1815 | D:4      | Reached ** piety under Wu Jian
  1908 | D:3      | Paralysed by Grinder for 7 turns
  2020 | D:2      | Killed Sigmund
  2163 | D:2      | Reached XP level 7. HP: 11/35 MP: 3/8
  2263 | D:3      | Paralysed by Grinder for 5 turns
  2277 | D:3      | Killed Grinder
  2335 | D:3      | Noticed Wired's ghost (amateur TeFi)
  2360 | D:3      | Found a transporter.
  2363 | D:3      | Found a transporter.
  2581 | D:3      | Found a glowing golden altar of the Shining One.
  2805 | D:4      | Reached skill level 1 in Shields
  2852 | D:5      | Entered Level 5 of the Dungeon
  2887 | D:5      | Gained mutation: You have razor-sharp teeth. [Vine Stalker
                  | growth]
  2887 | D:5      | Reached XP level 8. HP: 36/39 MP: 9/9
  2926 | D:5      | Noticed a hornet
  2935 | D:5      | Noticed Ratty's ghost (amateur DrFE)
  2936 | D:5      | Found a transporter.
  2940 | D:5      | Found a transporter.
  2973 | D:5      | Found a hazy altar of Hepliaklqana.
  3024 | D:5      | Reached *** piety under Wu Jian
  3324 | D:5      | Found an ancient bone altar of Kikubaaqudgha.
  3329 | D:5      | Found a burning altar of Makhleb.
  3545 | D:5      | Learned a level 2 spell: Poisonous Vapours
  3549 | D:5      | Learned a level 3 spell: Conjure Flame
  4162 | D:6      | Found a runed translucent door.
  4163 | D:6      | Noticed Crazy Yiuf
  4273 | D:6      | Reached skill level 3 in Fighting
  4273 | D:6      | Reached skill level 1 in Evocations
  4285 | D:6      | Reached XP level 9. HP: 44/44 MP: 9/11
  4500 | D:6      | Killed Crazy Yiuf
  4626 | D:7      | Found a staircase to the Ecumenical Temple.
  4652 | D:7      | Reached skill level 4 in Fighting
  4740 | D:7      | Reached **** piety under Wu Jian
  4868 | D:7      | Found Woima's Distillery.
  4890 | D:7      | Bought a potion of curing for 30 gold pieces
  4890 | D:7      | Bought a potion of haste for 100 gold pieces
  4890 | D:7      | Bought a potion of magic for 80 gold pieces
  4891 | D:7      | Gained mutation: You expend magic power (3 MP) to
                  | strengthen your wands. [potion of mutation]
  4891 | D:7      | Gained mutation: You have large cloven feet. [potion of
                  | mutation]
  4891 | D:7      | Gained mutation: You are somewhat resistant to further
                  | mutation. [potion of mutation]
  5024 | D:7      | Noticed Menkaure
  5040 | D:7      | Killed Menkaure
  5086 | D:7      | Found a bloodstained altar of Trog.
  5166 | Temple   | Entered the Ecumenical Temple
  5406 | D:8      | Reached skill level 5 in Fighting
  5406 | D:8      | Reached XP level 10. HP: 36/51 MP: 9/14
  5578 | D:8      | Killed an unseen horror
  5578 | D:8      | Reached skill level 5 in Armour
  5578 | D:8      | Reached skill level 5 in Dodging
  5889 | D:8      | Noticed a two-headed ogre
  5931 | D:8      | Killed a two-headed ogre
  5931 | D:8      | Reached skill level 6 in Fighting
  5936 | D:8      | Reached ***** piety under Wu Jian
  6102 | D:8      | Got a heavily runed graven amulet
  6192 | D:8      | Found a blossoming altar of Fedhas.
  6743 | D:9      | Found a staircase to the Orcish Mines.
  6762 | D:9      | Noticed Pikel
  6797 | D:9      | Killed Pikel
  6834 | D:9      | Reached XP level 11. HP: 51/58 MP: 15/15
  7309 | D:10     | Entered Level 10 of the Dungeon
  7327 | D:10     | Reached skill level 7 in Fighting
  7446 | D:10     | Found Nipicise's Antique Armour Shoppe.
  7518 | D:10     | Noticed an eight-headed hydra
  7531 | D:10     | Killed an eight-headed hydra
  7576 | D:10     | Noticed a cyclops
  7707 | D:10     | Noticed a cyclops
  7719 | D:10     | Killed a cyclops
  7747 | D:10     | Noticed a two-headed ogre
  7787 | D:10     | Killed a two-headed ogre
  7870 | D:10     | Reached skill level 8 in Fighting
  7923 | D:10     | Noticed a centaur warrior
  7939 | D:10     | Killed a centaur warrior
  8163 | D:10     | Identified the +11 shortbow "Taydghal" {freeze, Str+4}
  8256 | D:10     | Noticed a two-headed ogre
  8274 | D:10     | Killed a two-headed ogre
  8345 | D:10     | Gained mutation: You heal very quickly. [Vine Stalker
                  | growth]
  8345 | D:10     | Reached XP level 12. HP: 65/65 MP: 16/16
  8593 | D:10     | Bought a pair of shimmering boots for 285 gold pieces
  8603 | D:10     | Identified the +1 pair of boots of Catatonia {rC+} (You
                  | bought it in a shop on level 10 of the Dungeon)
  8619 | D:10     | Identified the amulet of Qocasmo {Spirit rElec rC+++ Str-3}
                  | (You found it on level 8 of the Dungeon)
  8754 | D:11     | Found Dimpoll's General Store.
  8953 | D:11     | Found a sparkling altar of Nemelex Xobeh.
  9019 | D:11     | Found a staircase to the Lair.
  9024 | D:11     | Reached skill level 9 in Fighting
  9387 | D:11     | Noticed a two-headed ogre
  9402 | D:11     | Killed a two-headed ogre
  9552 | Orc:1    | Entered Level 1 of the Orcish Mines
  9765 | Orc:1    | Noticed Sonja
  9767 | Orc:1    | Noticed Sonja
  9767 | Orc:1    | Sonja changed into Sonja the big kobold
  9767 | Orc:1    | Noticed Nergalle
  9820 | Orc:1    | Killed Nergalle
  9898 | Orc:1    | Killed Sonja the big kobold
 10028 | Orc:2    | Entered Level 2 of the Orcish Mines
 10078 | Orc:2    | Found Coragum's Antique Armour Emporium.
 10186 | Orc:2    | Noticed Blork the orc
 10301 | Orc:2    | Reached skill level 10 in Fighting
 10411 | Orc:2    | Killed Blork the orc
 10485 | Orc:2    | Noticed Saint Roka
 10495 | Orc:2    | Reached XP level 13. HP: 30/72 MP: 17/17
 10716 | Orc:1    | Noticed Snorg
 10720 | Orc:1    | Noticed Snorg
 10720 | Orc:1    | Snorg changed into Snorg the redback
 10725 | Orc:1    | Killed Snorg the redback
 10832 | Orc:2    | Paralysed by an orc sorcerer for 7 turns
 11217 | Orc:2    | Shot with a bolt by Saint Roka

Vault maps used:
D:1:      lightli_arrival_chessboard
D:2:      lemuel_round_altar, first_ration, moated_statue, dk_noncrumbling_2,
          kennysheep_generic_room_7, uniq_sigmund
D:3:      nicolae_overflow_crystal_walls, lemuel_coloured_pillars_altar,
          gammafunk_ghost_arena, minmay_statues_item, uniq_ijyb, uniq_grinder
D:4:      gammafunk_temple_overflow_arena, fiery_altar_vehumet,
          marbit_many_paths
D:5:      minmay_recursive_quarters, old_standard_altar, minitemple,
          gammafunk_ghost_hive
D:6:      corner_web_ring, minmay_ruffians, uniq_crazy_yiuf_cottage
D:7:      minmay_temple_entry_statues_pillars, serial_shops,
          nicolae_shop_statue_plus, trog_book, uniq_menkaure
D:8:      old_standard_altar, serial_bayou, serial_bayou_lagoon_a,
          serial_bayou_pond_b, serial_bayou_pond_a, serial_bayou_shore_a,
          serial_bayou_pond_b
D:9:      orc_0_dummy, hangedman_fish_farm, uniq_pikel
D:10:     minmay_the_grid_octo_tiled_squarecenter, serial_shops,
          kennysheep_mini_moat, minmay_chambers_of_fives
D:11:     due_lair_maze_entry_diamond, serial_shops, shop, lemuel_statue_altar
Temple:   nicolae_temple_x_marks_the_god
Orc:1:    uniq_snorg, uniq_sonja, uniq_nergalle
Orc:2:    grunt_orc_cross, serial_shops, shop, uniq_saint_roka

Skill      XL: |  1  2  3  4  5  6  7  8  9 10 11 12 |
---------------+-------------------------------------+-----
Short Blades   | 3 4 5 6 7 8 |  8.0
Armour         | 2 3 4 6 7 9 |  9.8
Shields        | 1 4 |  4.4
Fighting       | 3 5 6 8 10 | 10.6
Evocations     | 1 4 |  4.0
Dodging        | 3 4 6 7 9 |  9.8
Stealth        | |  2.4

Action                   |  1- 3 |  4- 6 |  7- 9 | 10-12 | 13-15 || total
-------------------------+-------+-------+-------+-------+-------++-------
Melee: Short sword       |    95 |   160 |   454 |       |       ||   709
       Bite              |    20 |    51 |   229 |   781 |   171 ||  1252
       Dagger            |       |       |   205 |  1681 |   351 ||  2237
 Fire: Blowgun           |       |       |       |     2 |       ||     2
Invok: Lunge             |       |     3 |    15 |    33 |     2 ||    53
       Whirlwind         |       |       |    23 |   110 |    49 ||   182
       Serpent's Lash    |       |       |       |     1 |       ||     1
       Heavenly Storm    |       |       |       |     1 |       ||     1
 Abil: Wall Jump         |       |       |     1 |       |       ||     1
Evoke: Wand              |       |       |     3 |     4 |     5 ||    12
  Use: Potion            |       |     1 |     2 |       |     2 ||     5
       Scroll            |       |     9 |     1 |     1 |     1 ||    12
 Stab: Sleeping          |    10 |     5 |     4 |       |       ||    19
       Distracted        |       |       |     1 |       |       ||     1
  Eat: Chunk             |     1 |     3 |    11 |    19 |     3 ||    37
Armor: Robe              |    11 |       |       |       |       ||    11
       Ring mail         |     3 |    21 |    26 |       |       ||    50
       Plate armour      |       |    17 |    88 |   217 |    43 ||   365
Dodge: Dodged            |    56 |   112 |   299 |   460 |   113 ||  1040
Block: Buckler           |       |     4 |   114 |   149 |    48 ||   315

Table legend:
 A = Non-vault XP
 B = Vault XP
 C = Vault XP percentage of total XP
 D = Non-vault monster count
 E = Vault monster count
 F = Vault count percentage of total count
                 A         B        C        D         E       F
            +---------+---------+-------+---------+---------+-------
      Total |   18946 |   18781 |  49.8 |     274 |      92 |  25.1
            +---------+---------+-------+---------+---------+-------
        D:1 |      35 |       0 |   0.0 |      19 |       0 |   0.0
        D:2 |     101 |     211 |  67.6 |      25 |       3 |  10.7
        D:3 |     142 |     277 |  66.1 |      24 |       1 |   4.0
        D:4 |     245 |     115 |  31.9 |      24 |       3 |  11.1
        D:5 |     214 |     141 |  39.7 |      12 |       7 |  36.8
        D:6 |     488 |     824 |  62.8 |      18 |       5 |  21.7
        D:7 |    1304 |     172 |  11.7 |      31 |       1 |   3.1
        D:8 |    2688 |    1150 |  30.0 |      29 |       7 |  19.4
        D:9 |     563 |     860 |  60.4 |       5 |       2 |  28.6
       D:10 |    3130 |    6587 |  67.8 |      22 |      19 |  46.3
       D:11 |    3883 |    1511 |  28.0 |      19 |      11 |  36.7
      Orc:1 |    4553 |    1134 |  19.9 |      23 |       3 |  11.5
      Orc:2 |    1600 |    5799 |  78.4 |      23 |      30 |  56.6
            +---------+---------+-------+---------+---------+-------
